 Dungeon Crawl Stone Soup version 0.28-a0-1389-gc726bef33b (webtiles) character file.

Game seed: 7174118651683952372

23973 flotson the Fighter (level 12, -3/96 HPs)
             Began as a Demonspawn Gladiator on Jan 4, 2022.
             Was an Initiate of Gozag.
             Slain by a cane toad (31 damage)
             ... on level 3 of the Lair of Beasts.
             The game lasted 00:22:36 (15910 turns).

flotson the Fighter (Demonspawn Gladiator)         Turns: 15910, Time: 00:22:37

Health: -3/96      AC: 12    Str: 25    XL:     12   Next: 76%
Magic:  12/12      EV: 18    Int: 11    God:    Gozag
Gold:   2328       SH:  5    Dex: 20    Spells: 11/11 levels left

rFire   . . .      SeeInvis .   a - +2 war axe (elec)
rCold   . . .      Faith    .   f - orb {mayhem}
rNeg    . . .      Spirit   .   J - +3 leather armour
rPois   .          Reflect  +   S - +1 hat
rElec   .          Harm     .   (no cloak)
rCorr   .          Rampage  .   (no gloves)
Will    .....                   w - +0 pair of boots
Stlth   +.........              G - amulet of reflection
HPRegen 0.26/turn               M - +6 ring of strength
MPRegen 0.13/turn               B - +6 ring of dexterity

@: lethally poisoned (-3 -> -18)
A: yellow scales 2, demonic guardian 1, foul stench 1
a: Renounce Religion, Potion Petition, Call Merchant, Bribe Branch


You were on level 3 of the Lair of Beasts.
You worshipped Gozag.
Gozag was most pleased with you.
You visited 3 branches of the dungeon, and saw 16 of its levels.

You collected 2546 gold pieces.
You spent 133 gold pieces at shops.
You paid 85 gold pieces to Gozag.

Inventory:

Hand Weapons
 a - a +2 war axe of electrocution (weapon)
 b - the +8 hunting sling "Orb Guardian's Doom" {venom, rElec rN++ Int-5 Dex+4}
   (You took it off a kobold on level 2 of the Dungeon)

   Any ammunition fired from it poisons the flesh of those it strikes.
   Int:       It affects your intelligence (-5).
   Dex:       It affects your dexterity (+4).
   rElec:     It insulates you from electricity.
   rN:        It greatly protects you from negative energy.
 D - a +4 vorpal spear
Missiles
 c - 5 silver javelins
 d - 2 throwing nets (quivered)
 g - 5 datura-tipped darts
 o - 48 sling bullets
 v - 2 javelins
 C - 33 poisoned darts
 L - a curare-tipped dart
Armour
 f - an orb of mayhem (worn)
 w - a +0 pair of boots (worn)
 J - a +3 leather armour (worn)
 S - a +1 hat (worn)
Jewellery
 h - a ring of flight
 B - a +6 ring of dexterity (right hand)
 G - an amulet of reflection (around neck)
 M - a +6 ring of strength (left hand)
 U - a ring of fire
Wands
 H - a wand of paralysis (4)
 K - a wand of acid (7)
 P - a wand of iceblast (11)
 Q - a wand of polymorph (5)
 R - a wand of flame (12)
 T - a wand of mindburst (10)
Scrolls
 e - 3 scrolls of enchant armour {unknown}
 j - 2 scrolls of summoning {unknown}
 l - 2 scrolls of fear {unknown}
 n - 5 scrolls of teleportation {unknown}
 s - a scroll of enchant weapon {unknown}
 t - 4 scrolls of immolation {unknown}
 u - 2 scrolls of torment {unknown}
 y - 2 scrolls of vulnerability {unknown}
 F - a scroll of noise {unknown}
 N - 2 scrolls of fog {unknown}
Potions
 i - 2 potions of ambrosia
 k - 3 potions of flight
 m - a potion of might
 p - 2 potions of lignification
 q - a potion of haste {unknown}
 r - 2 potions of heal wounds
 x - 2 potions of curing
 z - a potion of brilliance
 A - 2 potions of invisibility
 E - 3 potions of resistance
 I - 4 potions of attraction
 O - a potion of berserk rage {unknown}


   Skills:
 + Level 9.5 Fighting
 + Level 9.1 Axes
 + Level 8.8 Throwing
 + Level 8.5 Armour
 + Level 9.0 Dodging
 + Level 7.0 Evocations


You had 11 spell levels left.
You didn't know any spells.
Your spell library contained the following spells:

 Spells                   Type           Power      Damage    Failure   Level
 Animate Skeleton         Necr           0%         N/A       36%         1
 Apportation              Tloc           0%         N/A       36%         1
 Summon Small Mammal      Summ           0%         N/A       36%         1
 Ignite Poison            Fire/Tmut/Pois 0%         N/A       75%         3
 Mephitic Cloud           Conj/Pois/Air  0%         N/A       75%         3
 Blade Hands              Tmut           0%         N/A       100%        5
 Freezing Cloud           Conj/Ice/Air   0%         6-21      100%        5
 Irradiate                Conj/Tmut      0%         3d13      100%        5
 Dragon Form              Tmut           0%         N/A       100%        7


Dungeon Overview and Level Annotations

Branches:
Dungeon (11/15)            Temple (1/1) D:6            Lair (4/6) D:11
 Spider (0/4) Lair:3          Orc (0/2) D:10
  Swamp: Lair:2-4    Shoals: Lair:2-4     Snake: Lair:2-4

Altars:
Ashenzari
Cheibriados
Dithmenos
Fedhas
Gozag
Hepliaklqana
Kikubaaqudgha
Makhleb
Nemelex Xobeh
Ru
Sif Muna
Trog
Uskayaw
Vehumet
Wu Jian
Yredelemnul
Zin
The Shining One

Shops:
D:7 [   D:8 (   D:9 *   D:10 :   D:11 =


Innate Abilities, Weirdness & Mutations

You are mostly covered in yellow scales. (AC +3)
A weak demonic guardian rushes to your aid.
You may rarely emit foul miasma when damaged in melee.


Message History

You feel very sick. The cane toad stings you!!
You are lethally poisoned!
The cane toad poisons you! The cane toad stings you.
You are too injured to fight recklessly!
Unknown command.
You are too injured to fight recklessly!
Unknown command.
You are too injured to fight recklessly!
Unknown command.
The +8 hunting sling "Orb Guardian's Doom" {venom, rElec rN++ Int-5 Dex+4} stops dripping with poison.
You hear the crackle of electricity.
a - a +2 war axe of electrocution (weapon)
* * * LOW HITPOINT WARNING * * *
You feel very sick. The cane toad stings you.
* * * LOW HITPOINT WARNING * * *
You are more poisoned.
The cane toad poisons you!
You feel better. The cane toad misses you.
You closely miss the cane toad.
The cane toad is heavily wounded.
You slash the fungus!
The fungus begins to die.
You hit the bush but do no damage. The cane toad stings you!!
* * * LOW HITPOINT WARNING * * *
A demonic guardian appears!
You are lethally poisoned!
The cane toad poisons you!
You emit a cloud of foul miasma!
The cane toad is engulfed in dark miasma.
The cane toad misses your quasit.
You feel much better.
You feel very sick.
The cane toad is engulfed in dark miasma.
The cane toad stings your quasit!!
Your quasit dies!
Your quasit disappears in a puff of smoke!
The cane toad is engulfed in dark miasma.
The cane toad stings you!!
You die...
Your body crumbles into a pile of gold.

. #.#P.......... P
##.P........# #
#....<.....# # #
###.......#.#### ..
###........#.....# ...
..(.............## ..$
................# ..#
................##...#
#...........#.##@P...#
..#...........##PF....#
#...#..##....P#...ยง..P#
#..........#..#......##
###.#...#.......####.#
.# ...# (.. .(# ... .#
.(?[ #


You could see a neutral cane toad (fast, strong, insane).

Vanquished Creatures
  Gastronok (D:11)
  A hydra (Lair:1)
  A two-headed ogre (D:10)
  An ugly thing (D:11)
  A cyclops (D:11)
  2 black mambas (Lair:3)
  3 elephants (Lair:2)
  10 cane toads
  3 rime drakes (Lair:2)
  2 gargoyles
  2 komodo dragons
  6 blink frogs
  3 dream sheep (Lair:4)
  5 slime creatures (D:8)
  11 yaks
  3 wyverns
  2 basilisks
  A shadow (D:10)
  4 wraiths
  Grum (D:10)
  12 water moccasins
  2 black bears
  2 ice beasts
  3 orc warriors
  A sky beast (D:4)
  An ogre (D:5)
  8 wolves
  A phantom (D:5)
  A centaur (D:6)
  2 kobold brigands (D:9)
  10 bullfrogs
  A gnoll sergeant (D:7)
  7 scorpions
  A wyvern skeleton (D:7)
  21 killer bees
  8 wights
  A jelly (D:5)
  A bullfrog zombie (D:6)
  3 centaur zombies
  2 bullfrog skeletons
  2 gnoll shamans
  3 hounds (D:6)
  7 orc priests
  2 iguanas
  10 orc wizards
  A killer bee zombie (D:6)
  A hound skeleton (D:4)
  6 gnolls
  3 howler monkey skeletons
  8 adders
  An ufetubus (D:6)
  An adder skeleton (D:4)
  A dart slug (D:2)
  23 orcs
  5 ball pythons
  2 endoplasms
  4 giant cockroaches
  3 goblins (D:2)
  4 hobgoblins
  4 jackals (D:1)
  5 quokkas
  3 bats (D:1)
  3 frilled lizards (D:1)
  12 kobolds
  12 rats
277 creatures vanquished.

Vanquished Creatures (collateral kills)
  A cane toad (Lair:2)
  A komodo dragon (Lair:4)
  A dream sheep (Lair:4)
  A blink frog (Lair:2)
  3 yaks
  A water moccasin (Lair:2)
  A black bear (Lair:4)
  A wolf (D:10)
  3 killer bees (D:7)
  An orc priest (D:6)
  3 orc wizards
  3 gnolls
  2 orcs (D:4)
  An endoplasm (D:1)
  A bat (D:2)
24 creatures vanquished.

Vanquished Creatures (others)
  An elephant (Lair:2)
  A dream sheep (Lair:4)
  A yak (Lair:3)
  An orc (D:10)
  A bush (D:11)
  17 fungi
  36 plants
58 creatures vanquished.

Grand Total: 359 creatures vanquished

Notes
Turn   | Place    | Note
-------+----------+-------------------------------------------
     0 | D:1      | flotson the Demonspawn Gladiator began the quest for the
                  | Orb.
     0 | D:1      | Reached XP level 1. HP: 16/16 MP: 1/1
   297 | D:1      | Gained mutation: You may rarely emit foul miasma when
                  | damaged in melee. [demonic ancestry]
   297 | D:1      | Reached XP level 2. HP: 19/22 MP: 2/2
  1222 | D:1      | Reached XP level 3. HP: 28/28 MP: 3/3
  1317 | D:2      | Reached skill level 1 in Armour
  1814 | D:2      | Identified the +8 hunting sling "Orb Guardian's Doom"
                  | {venom, rElec rN++ Int-5 Dex+4}
  1983 | D:2      | Reached XP level 4. HP: 34/34 MP: 4/4
  2276 | D:2      | Found a faded altar of an unknown god.
  2840 | D:4      | Noticed a scorpion
  2845 | D:4      | Killed a scorpion
  2846 | D:4      | Reached XP level 5. HP: 35/41 MP: 5/5
  2919 | D:4      | Noticed a sky beast
  2923 | D:4      | Killed a sky beast
  2924 | D:4      | Reached XP level 6. HP: 47/47 MP: 6/6
  3347 | D:5      | Entered Level 5 of the Dungeon
  3494 | D:5      | Gained mutation: A weak demonic guardian rushes to your
                  | aid. [demonic ancestry]
  3494 | D:5      | Reached XP level 7. HP: 48/53 MP: 7/7
  4300 | D:6      | Gained mutation: You are partially covered in yellow
                  | scales. (AC +2) [demonic ancestry]
  4300 | D:6      | Reached XP level 8. HP: 61/61 MP: 8/8
  4414 | D:6      | Found a staircase to the Ecumenical Temple.
  4424 | Temple   | Entered the Ecumenical Temple
  4742 | Temple   | Became a worshipper of Gozag Ym Sagoz the Greedy
  4882 | D:6      | Reached skill level 5 in Dodging
  4919 | D:6      | Reached skill level 5 in Axes
  4973 | D:6      | Reached skill level 5 in Fighting
  5035 | D:6      | Identified the +0 chain mail of the Solstice {rN+}
  5786 | D:7      | Reached skill level 5 in Throwing
  5896 | D:7      | Reached XP level 9. HP: 67/68 MP: 9/9
  6428 | D:7      | Reached skill level 5 in Armour
  6552 | D:7      | Found Wemabb's Antique Armour Boutique.
  6561 | D:7      | Bought a distressingly furry leather armour for 133 gold
                  | pieces
  6561 | D:7      | Identified the +0 leather armour of Waolosag {Str+4 Int+2
                  | Slay-5} (You bought it in a shop on level 7 of the Dungeon)
  6755 | D:8      | Found Fecal's Antique Weapon Shoppe.
  7557 | D:8      | Reached skill level 1 in Evocations
  7966 | D:9      | Noticed a gargoyle
  7974 | D:9      | Killed a gargoyle
  7975 | D:9      | Reached XP level 10. HP: 60/77 MP: 10/10
  8905 | D:9      | Found Coumo's Elemental Accessories.
  9089 | D:10     | Entered Level 10 of the Dungeon
  9167 | D:10     | Found Sodweb's Book Emporium.
  9251 | D:10     | Noticed Grum
  9257 | D:10     | Found a staircase to the Orcish Mines.
  9267 | D:10     | Killed Grum
  9465 | D:10     | Noticed a two-headed ogre
  9476 | D:10     | Killed a two-headed ogre
 10266 | D:11     | Gained mutation: You are mostly covered in yellow scales.
                  | (AC +3) [demonic ancestry]
 10266 | D:11     | Reached XP level 11. HP: 84/84 MP: 11/11
 10447 | D:11     | Found a staircase to the Lair.
 10488 | D:11     | Noticed Gastronok
 10501 | D:11     | Killed Gastronok
 10692 | D:11     | Noticed a white ugly thing
 10703 | D:11     | Killed a white ugly thing
 10939 | D:11     | Found Wuibuseg's Jewellery Shoppe.
 11225 | D:11     | Reached skill level 5 in Evocations
 11498 | Lair:1   | Entered Level 1 of the Lair of Beasts
 11551 | Lair:1   | Noticed an eight-headed hydra
 11568 | Lair:1   | Killed an eight-headed hydra
 12782 | Lair:2   | Reached XP level 12. HP: 45/94 MP: 12/12
 12799 | Lair:2   | You fall into a shaft and drop 2 floors!
 13589 | Lair:4   | Found a burning altar of Makhleb.
 13607 | Lair:4   | Noticed a four-headed hydra
 15207 | Lair:3   | Found a hole to the Spider Nest.
 15910 | Lair:3   | Slain by a cane toad

Illustrated notes

Levels and vault maps discovered:
D:1:      minmay_arrival_shoal_huts, layout_loops_ring, minmay_unequal
D:2:      layout_basic, basic_ecumenical_altar, serial_bayou_lagoon_b
D:3:      layout_rooms
D:4:      layout_rooms
D:5:      layout_basic
D:6:      layout_loops_corners, minmay_temple_entry_large_hall
D:7:      layout_gridville, serial_shops, shop_fountains, nicolae_grassy_gnolls
D:8:      layout_rooms, serial_shops, nicolae_diamond_shop
D:9:      layout_irregular_city, nicolae_tso_swordbearing_angel,
          nicolae_elemental_shop
D:10:     layout_basic, orc_0_dummy, serial_shops, nicolae_square_shop,
          uniq_grum
D:11:     layout_irregular_city, minmay_lair_entry_grove, serial_shops,
          nicolae_shop_hallway_stairs, uniq_gastronok
Temple:   mainiacjoe_temple_trianglar_array
Lair:1:   layout_regular_city, beast_lair_carwin_6, grunt_megastairs_3
Lair:2:   layout_concentric_octagons, serial_rivers,
          chequers_serial_rivers_micro_e, chequers_serial_rivers_micro_e,
          chequers_serial_rivers_small_b, chequers_serial_rivers_small_3,
          portal_ice_cave_rime, grunt_megastairs_1
Lair:3:   gammafunk_boulding_lane, layout_misc_corridors,
          spider_nest_entry_web_field, minmay_lindwurm_lava
Lair:4:   layout_roguey, shoals_dummy_entry, basic_altar, serial_bayou_shore_b

Skill      XL: |  1  2  3  4  5  6  7  8  9 10 11 12 |
---------------+-------------------------------------+-----
Throwing       | 2 3 4 5 6 7 8 |  8.8
Axes           | 3 4 5 6 7 8 9 |  9.1
Armour         | 1 2 3 4 5 6 7 8 |  8.5
Dodging        | 3 4 5 6 7 8 9 |  9.0
Fighting       | 3 4 5 6 7 8 9 |  9.5
Evocations     | 2 4 5 7 |  7.0

Action                   |  1- 3 |  4- 6 |  7- 9 | 10-12 || total
-------------------------+-------+-------+-------+-------++-------
Melee: War axe           |   106 |       |    38 |   217 ||   361
 Fire: Hunting sling     |     2 |    72 |   255 |   320 ||   649
Throw: Throwing net      |       |       |     1 |     2 ||     3
  Use: Scroll            |       |       |       |    12 ||    12
       Potion            |       |       |       |     4 ||     4
 Stab: Distracted        |       |       |       |     1 ||     1
       Sleeping          |       |       |       |     1 ||     1
Armor: Leather armour    |    13 |       |     7 |    88 ||   108
       Scale mail        |    34 |     2 |    19 |       ||    55
       Chain mail        |       |       |    23 |       ||    23
Dodge: Dodged            |    85 |     3 |    84 |   277 ||   449
Block: Orb               |       |       |    11 |    93 ||   104

Table legend: (Time is in decaauts)
 A = Elapsed time spent in this place.
 B = Non-inter-level travel time spent in this place.
 C = Inter-level travel time spent in this place.
 D = Time resting spent in this place.
 E = Time spent auto-exploring this place.
 F = Levels seen in this place.
 G = Mean time per level.
                   A        B        C        D        E       F      G
               +--------+--------+--------+--------+--------+-----+--------+
         Total |  15986 |  15228 |    758 |    520 |  12382 |  16 |  999.1 |
       Dungeon |  11233 |  10596 |    637 |    187 |   8762 |  11 | 1021.2 |
        Temple |    334 |    318 |     16 |      0 |    307 |   1 |  334.0 |
          Lair |   4418 |   4313 |    105 |    333 |   3313 |   4 | 1104.5 |
               +--------+--------+--------+--------+--------+-----+--------+

Top non-repeatable levels by time:
  Lair:2: 1597 daAuts
    D:11: 1448 daAuts
     D:7: 1370 daAuts
     D:6: 1333 daAuts
     D:1: 1327 daAuts
  Lair:1: 1189 daAuts
     D:2: 1173 daAuts
     D:9: 1127 daAuts
    D:10: 965 daAuts
     D:8: 857 daAuts
  Lair:4: 821 daAuts
  Lair:3: 809 daAuts
     D:5: 736 daAuts
     D:4: 528 daAuts
     D:3: 365 daAuts
